Oilers vs Kings

Created - Friday, November 20, 2015 at 01:14

Goals
1 2 3 T
Oilers 2 2 1 5
Kings 0 0 0 0
Shots
1 2 3 T
Oilers 7 15 5 27
Kings 9 5 2 16

1st period

1. Oilers , Brayden Schenn 10 (Nick Bonino) at 6:44 (PP)
2. Oilers , Brayden Schenn 11 (Nick Bonino) at 15:45 (PP)

Penalties :
Nicklas Backstrom (Edm) for Interference (Minor) at 3:34, Jori Lehtera (LA ) for Holding (Minor) at 6:04, Brayden Schenn (Edm) for Holding (Minor) at 10:59, Brenden Morrow (LA ) for Charging (Minor) at 14:54, Andrew MacDonald (Edm) for Roughing (Minor) at 16:21

2nd period

3. Oilers , Jason Demers 1 (David Desharnais, Darren Helm) at 4:35 (PP)
4. Oilers , Nick Bonino 6 (David Desharnais, Brayden Schenn) at 13:03

Penalties :
Milan Lucic (LA ) for Delaying the game (Minor) at 3:19, Niklas Hjalmarsson (Edm) for Roughing (Minor) at 9:29, Mika Zibanejad (LA ) for Hooking (Minor) at 10:47, David Clarkson (LA ) for Fighting (Major) at 19:31, Taylor Fedun (Edm) for Fighting (Major) at 19:31

3rd period

5. Oilers , Trevor Lewis 2 (Jamie McGinn, Brayden McNabb) at 7:17

Penalties :
Nick Bjugstad (LA ) for Charging (Minor) at 1:06, Eric Brewer (LA ) for Tripping (Minor) at 4:56

Goalie Stats

Jaroslav Halak (Edm), 16 saves from 16 shots - (1.000), W, 9-5-2, 60:00 minutes
Reto Berra (LA ), 18 saves from 23 shots - (0.783), L, 0-1-0, 47:17 minutes
Sergei Bobrovsky (LA ), 4 saves from 4 shots - (1.000), 12:43 minutes

Players Stats for Oilers

Player Name              G  A  P  +/- PIM S  H  SB GA TA FO     MP     PP MP  PK MP  
------------------------------------------------------------------------------------
Andrew Ladd              0  0  0   0  0   1  4  0  4  1  0/0    18:49   4:24   3:36 
Andrew MacDonald         0  0  0   0  2   0  0  0  1  1  0/0    18:07   0:00   1:57 
Brayden McNabb           0  1  1   2  0   0  1  0  0  1  0/0    13:44   0:11   0:00 
Brayden Schenn           2  1  3   1  2   5  0  0  2  0  0/0    14:23   3:39   0:00 
Brett Connolly           0  0  0   1  0   1  0  0  2  0  2/7    12:00   0:00   0:00 
Darren Helm              0  1  1   0  0   1  1  1  1  0  0/0    18:25   3:42   3:39 
David Desharnais         0  2  2   1  0   3  0  0  5  0  3/5    13:37   3:39   0:00 
Jamie McGinn             0  1  1   1  0   3  0  0  1  0  0/1    12:00   0:00   0:00 
Jannik Hansen            0  0  0   0  0   0  1  0  0  1  0/0     9:37   0:00   0:00 
Jason Demers             1  0  1   0  0   1  1  1  0  1  0/0    21:24   3:42   2:31 
Lars Eller               0  0  0   0  0   0  1  0  0  0  4/5    13:49   4:13   0:00 
Nick Bonino              1  2  3   1  0   3  1  0  2  0  0/4    18:44   3:39   3:36 
Nicklas Backstrom        0  0  0   0  2   2  1  0  3  0  6/13   16:11   4:24   0:00 
Niklas Hjalmarsson       0  0  0   0  2   1  1  2  0  0  0/0    25:30   4:21   4:22 
Patrick Marleau          0  0  0   0  0   3  0  1  3  1  1/2    19:54   4:10   3:39 
Ryan McDonagh            0  0  0   0  0   1  3  3  0  3  0/0    22:20   0:11   5:40 
Taylor Fedun             0  0  0   2  5   0  1  0  0  0  0/0    11:25   0:00   0:00 
Trevor Lewis             1  0  1   1  0   2  1  1  0  0  0/0    12:00   0:00   0:00 

Players Stats for Kings

Player Name              G  A  P  +/- PIM S  H  SB GA TA FO     MP     PP MP  PK MP  
------------------------------------------------------------------------------------
Adam McQuaid             0  0  0  -1  0   0  2  1  0  3  0/0    18:01   0:00   4:20 
Braydon Coburn           0  0  0  -1  0   2  2  2  0  4  0/0    25:07   3:43   3:43 
Brenden Morrow           0  0  0  -1  2   0  2  1  0  1  1/2    12:43   0:00   0:56 
Carl Soderberg           0  0  0  -1  0   1  1  0  0  0  1/1    15:35   3:40   0:16 
David Clarkson           0  0  0   0  5   0  3  0  0  0  0/0     6:26   0:00   0:00 
Duncan Keith             0  0  0  -1  0   3  0  2  0  1  0/0    25:07   3:43   3:43 
Eric Brewer              0  0  0  -2  2   0  1  0  1  0  0/0    21:00   3:32   3:30 
Evgeny Kuznetsov         0  0  0  -1  0   0  0  2  1  0  0/2    18:18   0:00   6:35 
Jordan Schroeder         0  0  0   0  0   0  1  0  0  0  0/0     3:27   0:18   0:11 
Jori Lehtera             0  0  0  -1  2   1  2  0  2  0  7/7    17:37   0:00   5:55 
Mika Zibanejad           0  0  0  -1  2   2  1  0  2  0  1/1    16:14   3:39   1:01 
Mikhail Grigorenko       0  0  0   0  0   1  0  0  2  1  3/3     7:10   0:00   0:00 
Milan Lucic              0  0  0   0  2   2  1  1  2  0  0/1    18:04   3:35   1:01 
Nick Bjugstad            0  0  0   0  2   0  0  0  1  3  2/9    17:55   3:35   0:11 
Seth Jones               0  0  0   0  0   0  0  4  0  0  0/0    16:52   3:32   0:00 
Stefan Elliott           0  0  0   0  0   1  0  1  0  1  0/0    14:14   0:00   0:50 
Tyler Seguin             0  0  0   0  0   2  3  0  4  0  5/10   20:15   3:22   0:00 
Vincent Trocheck         0  0  0   0  0   1  0  0  0  0  1/1    17:04   3:35   0:00 

3 Stars

1 - Nick Bonino (Edm)
2 - Brayden Schenn (Edm)
3 - Jaroslav Halak (Edm)

Power Play

Oilers - 3 on 6 Attempt(s) - 50.00%
Kings - 0 on 4 Attempt(s) - 0.00%

Penalty Kill

Oilers - 4 on 4 Attempt(s) - 100.00% - Score 0 goal in Penalty Kill
Kings - 3 on 6 Attempt(s) - 50.00% - Score 0 goal in Penalty Kill

Team Stat

Oilers - Hits : 17 - Faceoff Wins : 16 - Blocked Shots : 9 - Penalty Minutes : 13
Kings - Hits : 19 - Faceoff Wins : 21 - Blocked Shots : 14 - Penalty Minutes : 17

Official

Referees : Unknown
Linesman : Unknown

Game Notes

Taylor Fedun beats up David Clarkson at 19:31 of 2nd period
7:17 of 3rd period - Oilers goal is going for a video replay. After video review, Goal.
Sergei Bobrovsky enters game at 7:17 of 3rd period

Finance

Level 1 -- Attendance: 6000 (100.00%) -- Ticket Income $510,000
Level 2 -- Attendance: 4539 (90.78%) -- Ticket Income $236,028
Level 3 -- Attendance: 1953 (97.65%) -- Ticket Income $60,543
Level 4 -- Attendance: 3894 (97.35%) -- Ticket Income $66,198
Luxury Box -- Attendance: 864 (86.40%) -- Ticket Income $151,200
Game was played at the Staples Center.
Total Attendance: 17250 (95.83%)
Total Ticket Income: $1,023,969
Other Income: $501,745
Total Income: $1,525,714

Oilers

5 vs 5 Forward 
   Center                   Left Wing                Right Wing               Time % Phy DF OF 
 1 Lars Eller               Andrew Ladd              Brayden Schenn           30     1   1  3  
 2 Nicklas Backstrom        Nick Bonino              Patrick Marleau          30     1   1  3  
 3 David Desharnais         Darren Helm              Jannik Hansen            20     1   2  2  
 4 Brett Connolly           Trevor Lewis             Jamie McGinn             20     1   2  2  

5 vs 5 Defense 
   Defense                  Defense                                           Time % Phy DF OF 
 1 Ryan McDonagh            Niklas Hjalmarsson                                35     1   4  0  
 2 Jason Demers             Andrew MacDonald                                  30     1   4  0  
 3 Brayden McNabb           Taylor Fedun                                      20     1   4  0  
 4 Ryan McDonagh            Niklas Hjalmarsson                                15     1   4  0  

PowerPlay Forward 
   Center                   Left Wing                Right Wing               Time % Phy DF OF 
 1 Nicklas Backstrom        Andrew Ladd              Lars Eller               60     1   0  4  
 2 David Desharnais         Nick Bonino              Brayden Schenn           40     1   0  4  

PowerPlay Defense
   Defense                  Defense                                           Time % Phy DF OF 
 1 Niklas Hjalmarsson       Patrick Marleau                                   60     1   2  2  
 2 Jason Demers             Darren Helm                                       40     1   2  2  

Penalty Kill 4 Players Forward 
   Center                   Wing                     Time % Phy DF OF 
 1 Patrick Marleau          Darren Helm              50     1   4  0  
 2 Nick Bonino              Andrew Ladd              50     1   4  0  

Penalty Kill 4 Players Defense
   Defense                  Defense                  Time % Phy DF OF 
 1 Ryan McDonagh            Niklas Hjalmarsson       60     1   4  0  
 2 Jason Demers             Andrew MacDonald         40     1   4  0  

Penalty Kill - 3 Players Forward 
   Forward                                           Time % Phy DF OF 
 1 Nick Bonino                                       60     1   4  0  
 2 Lars Eller                                        40     1   4  0  

Penalty Kill - 3 Players Defense
   Defense                  Defense                  Time % Phy DF OF 
 1 Brayden McNabb           Niklas Hjalmarsson       60     1   4  0  
 2 Jason Demers             Andrew MacDonald         40     1   4  0  

4 vs 4 Forward 
   Center                   Wing                     Time % Phy DF OF 
 1 Nicklas Backstrom        Andrew Ladd              60     1   0  4  
 2 Nick Bonino              Patrick Marleau          40     1   0  4  

4 vs 4 Defense
   Defense                  Defense                  Time % Phy DF OF 
 1 Ryan McDonagh            Niklas Hjalmarsson       60     1   4  0  
 2 Jason Demers             Andrew MacDonald         40     1   4  0  

Last Minutes Offensive
   Center                   Left Wing                Right Wing               Defense                  Defense                  
   Nicklas Backstrom        Andrew Ladd              Lars Eller               Ryan McDonagh            Patrick Marleau          

Last Minutes Defensive
   Center                   Left Wing                Right Wing               Defense                  Defense                  
   Nick Bonino              Andrew Ladd              Darren Helm              Ryan McDonagh            Niklas Hjalmarsson       

Goaltenders
Starting : Jaroslav Halak           
Backup : Jeremy Smith             

Extra Forwards
Normal : Andrew Ladd, Darren Helm, David Desharnais - PP : Brayden Schenn, Patrick Marleau - PK : Patrick Marleau
Extra Defensemen
Normal : Brayden McNabb, Niklas Hjalmarsson, Jason Demers - PP : Brayden McNabb - PK : Niklas Hjalmarsson, Jason Demers
Penalty Shots
David Desharnais, Andrew Ladd, Darren Helm, Nick Bonino, Nicklas Backstrom

Kings

5 vs 5 Forward 
   Center                   Left Wing                Right Wing               Time % Phy DF OF 
 1 Tyler Seguin             Mika Zibanejad           Carl Soderberg           35     1   2  2  
 2 Nick Bjugstad            Milan Lucic              Vincent Trocheck         30     1   2  2  
 3 Jori Lehtera             Brenden Morrow           Evgeny Kuznetsov         22     1   2  2  
 4 Mikhail Grigorenko       Tyler Seguin             David Clarkson           13     1   2  2  

5 vs 5 Defense 
   Defense                  Defense                                           Time % Phy DF OF 
 1 Duncan Keith             Braydon Coburn                                    35     1   2  2  
 2 Seth Jones               Eric Brewer                                       30     1   2  2  
 3 Adam McQuaid             Stefan Elliott                                    22     1   2  2  
 4 Duncan Keith             Braydon Coburn                                    13     1   2  2  

PowerPlay Forward 
   Center                   Left Wing                Right Wing               Time % Phy DF OF 
 1 Tyler Seguin             Mika Zibanejad           Carl Soderberg           60     1   2  2  
 2 Nick Bjugstad            Milan Lucic              Vincent Trocheck         40     1   2  2  

PowerPlay Defense
   Defense                  Defense                                           Time % Phy DF OF 
 1 Duncan Keith             Braydon Coburn                                    60     1   2  2  
 2 Seth Jones               Eric Brewer                                       40     1   2  2  

Penalty Kill 4 Players Forward 
   Center                   Wing                     Time % Phy DF OF 
 1 Jori Lehtera             Evgeny Kuznetsov         60     1   2  2  
 2 Mika Zibanejad           Milan Lucic              40     1   2  2  

Penalty Kill 4 Players Defense
   Defense                  Defense                  Time % Phy DF OF 
 1 Duncan Keith             Braydon Coburn           60     1   2  2  
 2 Adam McQuaid             Eric Brewer              40     1   2  2  

Penalty Kill - 3 Players Forward 
   Forward                                           Time % Phy DF OF 
 1 Tyler Seguin                                      60     1   2  2  
 2 Nick Bjugstad                                     40     1   2  2  

Penalty Kill - 3 Players Defense
   Defense                  Defense                  Time % Phy DF OF 
 1 Duncan Keith             Braydon Coburn           60     1   2  2  
 2 Seth Jones               Eric Brewer              40     1   2  2  

4 vs 4 Forward 
   Center                   Wing                     Time % Phy DF OF 
 1 Tyler Seguin             Nick Bjugstad            60     1   2  2  
 2 Mika Zibanejad           Milan Lucic              40     1   2  2  

4 vs 4 Defense
   Defense                  Defense                  Time % Phy DF OF 
 1 Duncan Keith             Braydon Coburn           60     1   2  2  
 2 Seth Jones               Eric Brewer              40     1   2  2  

Last Minutes Offensive
   Center                   Left Wing                Right Wing               Defense                  Defense                  
   Nick Bjugstad            Milan Lucic              Tyler Seguin             Duncan Keith             Braydon Coburn           

Last Minutes Defensive
   Center                   Left Wing                Right Wing               Defense                  Defense                  
   Jori Lehtera             Mika Zibanejad           Tyler Seguin             Duncan Keith             Braydon Coburn           

Goaltenders
Starting : Reto Berra               
Backup : Sergei Bobrovsky         

Extra Forwards
Normal : Jordan Schroeder, Jori Lehtera, Brenden Morrow - PP : Jordan Schroeder, Jori Lehtera - PK : Brenden Morrow
Extra Defensemen
Normal : Adam McQuaid, Stefan Elliott, Seth Jones - PP : Adam McQuaid - PK : Stefan Elliott, Seth Jones
Penalty Shots
Tyler Seguin, Nick Bjugstad, Mika Zibanejad, Milan Lucic, Carl Soderberg

% Time on Ice - Oilers

Lines # - Real PCT - Wanted PCT - Time Play
Normal Forward
1 - 25% - 30% - 10:55
2 - 26% - 30% - 11:29
3 - 22% - 20% - 9:37
4 - 27% - 20% - 12:00
Normal Defense
1 - 32% - 35% - 14:06
2 - 34% - 30% - 15:11
3 - 29% - 20% - 12:52
4 - 4% - 15% - 1:52
PP Forward
1 - 55% - 60% - 4:24
2 - 45% - 40% - 3:39
PP Defense
1 - 54% - 60% - 4:21
2 - 46% - 40% - 3:42
PK Forward
1 - 50% - 50% - 3:39
2 - 50% - 50% - 3:36
PK Defense
1 - 78% - 60% - 5:40
2 - 22% - 40% - 1:35
PK3 Forward
1 - 0% - 60%
2 - 0% - 40%
PK3 Defense
1 - 0% - 60%
2 - 0% - 40%
44 Forward
1 - 100% - 60% - 0:41
2 - 0% - 40% - 0:00
44 Defense
1 - 100% - 60% - 0:41
2 - 0% - 40% - 0:00
Last Minute Offensive  - 0:00
Last Minute Defensive  - 0:00
Total
Forward - 60:00
Defense - 60:00

% Time on Ice - Kings

Lines # - Real PCT - Wanted PCT - Time Play
Normal Forward
1 - 27% - 35% - 11:56
2 - 31% - 30% - 13:29
3 - 26% - 22% - 11:26
4 - 16% - 13% - 7:10
Normal Defense
1 - 34% - 35% - 14:53
2 - 31% - 30% - 13:37
3 - 30% - 22% - 13:24
4 - 5% - 13% - 2:07
PP Forward
1 - 51% - 60% - 3:40
2 - 49% - 40% - 3:35
PP Defense
1 - 51% - 60% - 3:43
2 - 49% - 40% - 3:32
PK Forward
1 - 87% - 60% - 7:02
2 - 13% - 40% - 1:01
PK Defense
1 - 46% - 60% - 3:43
2 - 54% - 40% - 4:20
PK3 Forward
1 - 0% - 60%
2 - 0% - 40%
PK3 Defense
1 - 0% - 60%
2 - 0% - 40%
44 Forward
1 - 100% - 60% - 0:41
2 - 0% - 40% - 0:00
44 Defense
1 - 100% - 60% - 0:41
2 - 0% - 40% - 0:00
Last Minute Offensive  - 0:00
Last Minute Defensive  - 0:00
Total
Forward - 60:00
Defense - 60:00

Play by Play

1st period


0:01 of 1st period - Lars Eller wins face-off versus Tyler Seguin in neutral zone.
0:12 of 1st period - Slapshot by Tyler Seguin.
0:12 of 1st period - Stopped by Jaroslav Halak with a rebound.
0:14 of 1st period - Slapshot by Duncan Keith.
0:14 of 1st period - Stopped by Jaroslav Halak with a rebound.
0:16 of 1st period - Slapshot by Braydon Coburn.
0:16 of 1st period - Stopped by Jaroslav Halak with a rebound.
1:16 of 1st period - Wrist shot by Vincent Trocheck.
1:16 of 1st period - Shot Blocked by Niklas Hjalmarsson.
1:18 of 1st period - Slapshot by Eric Brewer.
1:18 of 1st period - Deflect By Vincent Trocheck.
1:18 of 1st period - Stopped by Jaroslav Halak without a rebound.
1:19 of 1st period - Jori Lehtera wins face-off versus David Desharnais in Oilers zone.
1:36 of 1st period - Slapshot by Stefan Elliott.
1:36 of 1st period - Stopped by Jaroslav Halak with a rebound.
2:11 of 1st period - Andrew MacDonald is hit by David Clarkson and loses puck.
2:50 of 1st period - Eric Brewer is hit by Andrew Ladd and loses puck.
3:02 of 1st period - Off-side.
3:03 of 1st period - Carl Soderberg wins face-off versus Nicklas Backstrom in neutral zone.
3:34 of 1st period - Minor Penalty to Nicklas Backstrom for Interference.
3:35 of 1st period - Vincent Trocheck wins face-off versus Patrick Marleau in Oilers zone.
3:58 of 1st period - Snap shot by Vincent Trocheck.
3:58 of 1st period - Shot Misses the Net.
5:06 of 1st period - Vincent Trocheck is hit by Ryan McDonagh and loses puck.
5:34 of 1st period - Penalty to Nicklas Backstrom is over, Nicklas Backstrom is back on ice.
5:47 of 1st period - Slapshot by Mika Zibanejad.
5:47 of 1st period - Stopped by Jaroslav Halak with a rebound.
6:04 of 1st period - Minor Penalty to Jori Lehtera for Holding.
6:05 of 1st period - Brenden Morrow wins face-off versus Nicklas Backstrom in Kings zone.
6:13 of 1st period - Wrist shot by Nicklas Backstrom.
6:13 of 1st period - Shot Misses the Net.
6:15 of 1st period - Slapshot by Darren Helm.
6:15 of 1st period - Stopped by Reto Berra with a rebound.
6:17 of 1st period - Wrist shot by Nicklas Backstrom.
6:17 of 1st period - Stopped by Reto Berra with a rebound.
6:19 of 1st period - Slapshot by Lars Eller.
6:19 of 1st period - Shot Misses the Net.
6:21 of 1st period - Slapshot by Jason Demers.
6:21 of 1st period - Shot Misses the Net.
6:44 of 1st period - Wrist shot by Brayden Schenn.
6:44 of 1st period - Goal by Brayden Schenn - Oilers : 1 - Kings : 0.
6:45 of 1st period - Brett Connolly wins face-off versus Tyler Seguin in neutral zone.
7:17 of 1st period - Wrist shot by Jamie McGinn.
7:17 of 1st period - Stopped by Reto Berra with a rebound.
7:19 of 1st period - Snap shot by Trevor Lewis.
7:19 of 1st period - Stopped by Reto Berra with a rebound.
7:21 of 1st period - Slapshot by Niklas Hjalmarsson.
7:21 of 1st period - Deflect By Mika Zibanejad.
7:21 of 1st period - Stopped by Reto Berra with a rebound.
9:04 of 1st period - Snap shot by David Desharnais.
9:04 of 1st period - Shot Misses the Net.
9:46 of 1st period - Mikhail Grigorenko is hit by Trevor Lewis and loses puck.
10:30 of 1st period - Snap shot by Nicklas Backstrom.
10:30 of 1st period - Deflect By Nick Bjugstad.
10:30 of 1st period - Shot Blocked by Milan Lucic.
10:30 of 1st period - Puck is out of play.
10:31 of 1st period - Tyler Seguin wins face-off versus Lars Eller in Kings zone.
10:59 of 1st period - Minor Penalty to Brayden Schenn for Holding.
11:00 of 1st period - Patrick Marleau wins face-off versus Milan Lucic in Oilers zone.
11:13 of 1st period - Wrist shot by Milan Lucic.
11:13 of 1st period - Shot Misses the Net.
11:15 of 1st period - Slapshot by Braydon Coburn.
11:15 of 1st period - Stopped by Jaroslav Halak with a rebound.
11:17 of 1st period - Slapshot by Duncan Keith.
11:17 of 1st period - Shot Hit the Post.
11:19 of 1st period - Slapshot by Braydon Coburn.
11:19 of 1st period - Shot Blocked by Ryan McDonagh.
12:47 of 1st period - Jordan Schroeder is hit by Andrew Ladd and loses puck.
12:59 of 1st period - Penalty to Brayden Schenn is over, Brayden Schenn is back on ice.
13:15 of 1st period - Darren Helm is hit by Jori Lehtera and loses puck.
14:23 of 1st period - Slapshot by Brett Connolly.
14:23 of 1st period - Shot Blocked by Seth Jones.
14:52 of 1st period - Wrist shot by Andrew Ladd.
14:52 of 1st period - Shot Blocked by Duncan Keith.
14:54 of 1st period - Minor Penalty to Brenden Morrow for Charging.
14:55 of 1st period - Jori Lehtera wins face-off versus Nicklas Backstrom in Kings zone.
15:08 of 1st period - Snap shot by Jori Lehtera.
15:08 of 1st period - Stopped by Jaroslav Halak without a rebound.
15:09 of 1st period - Jori Lehtera wins face-off versus Nicklas Backstrom in Oilers zone.
15:45 of 1st period - Snap shot by Brayden Schenn.
15:45 of 1st period - Goal by Brayden Schenn - Oilers : 2 - Kings : 0.
15:46 of 1st period - Nick Bjugstad wins face-off versus Brett Connolly in neutral zone.
16:21 of 1st period - Minor Penalty to Andrew MacDonald for Roughing.
16:22 of 1st period - Tyler Seguin wins face-off versus Nick Bonino in Oilers zone.
16:35 of 1st period - Snap shot by Mika Zibanejad.
16:35 of 1st period - Stopped by Jaroslav Halak with a rebound.
16:37 of 1st period - Slapshot by Duncan Keith.
16:37 of 1st period - Shot Blocked by Niklas Hjalmarsson.
17:59 of 1st period - Duncan Keith is hit by Niklas Hjalmarsson.
18:21 of 1st period - Penalty to Andrew MacDonald is over, Andrew MacDonald is back on ice.
19:12 of 1st period - Snap shot by Brett Connolly.
19:12 of 1st period - Shot Blocked by Adam McQuaid.
Goals for this period are 2 for Oilers vs 0 for Kings.
Shots for this period are 7 for Oilers vs 9 for Kings.

2nd period


0:01 of 2nd period - Tyler Seguin wins face-off versus Nicklas Backstrom in neutral zone.
0:08 of 2nd period - Wrist shot by Tyler Seguin.
0:08 of 2nd period - Stopped by Jaroslav Halak with a rebound.
0:10 of 2nd period - Snap shot by Duncan Keith.
0:10 of 2nd period - Deflect By Nick Bonino.
0:10 of 2nd period - Stopped by Jaroslav Halak without a rebound.
0:11 of 2nd period - Tyler Seguin wins face-off versus Nicklas Backstrom in Oilers zone.
0:28 of 2nd period - Snap shot by Tyler Seguin.
0:28 of 2nd period - Shot Blocked by Ryan McDonagh.
0:30 of 2nd period - Slapshot by Braydon Coburn.
0:30 of 2nd period - Deflect By Tyler Seguin.
0:30 of 2nd period - Deflect By Nicklas Backstrom.
0:30 of 2nd period - Shot Misses the Net.
0:30 of 2nd period - Puck is out of play.
0:31 of 2nd period - David Desharnais wins face-off versus Nick Bjugstad in Oilers zone.
1:24 of 2nd period - Nick Bonino is hit by Carl Soderberg and loses puck.
2:07 of 2nd period - Wrist shot by Andrew Ladd.
2:07 of 2nd period - Shot Misses the Net.
2:09 of 2nd period - Slapshot by Brayden Schenn.
2:09 of 2nd period - Shot Misses the Net.
2:15 of 2nd period - Snap shot by Brayden Schenn.
2:15 of 2nd period - Shot Misses the Net.
2:17 of 2nd period - Snap shot by Brayden McNabb.
2:17 of 2nd period - Shot Blocked by Braydon Coburn.
2:19 of 2nd period - Snap shot by Brayden Schenn.
2:19 of 2nd period - Shot Blocked by Evgeny Kuznetsov.
2:21 of 2nd period - Slapshot by Brayden Schenn.
2:21 of 2nd period - Shot Misses the Net.
2:23 of 2nd period - Slapshot by Brayden McNabb.
2:23 of 2nd period - Shot Blocked by Brenden Morrow.
2:25 of 2nd period - Backhand shot by Brayden Schenn.
2:25 of 2nd period - Stopped by Reto Berra without a rebound.
2:26 of 2nd period - Mikhail Grigorenko wins face-off versus Brett Connolly in Kings zone.
3:09 of 2nd period - Snap shot by Milan Lucic.
3:09 of 2nd period - Stopped by Jaroslav Halak with a rebound.
3:19 of 2nd period - Minor Penalty to Milan Lucic for Delaying the game.
3:20 of 2nd period - Nicklas Backstrom wins face-off versus Evgeny Kuznetsov in Kings zone.
4:25 of 2nd period - Wrist shot by Brayden Schenn.
4:25 of 2nd period - Stopped by Reto Berra with a rebound.
4:27 of 2nd period - Snap shot by Jason Demers.
4:27 of 2nd period - Shot Misses the Net.
4:29 of 2nd period - Wrist shot by David Desharnais.
4:29 of 2nd period - Stopped by Reto Berra with a rebound.
4:31 of 2nd period - Wrist shot by Darren Helm.
4:31 of 2nd period - Shot Blocked by Duncan Keith.
4:33 of 2nd period - Slapshot by Darren Helm.
4:33 of 2nd period - Deflect By David Desharnais.
4:33 of 2nd period - Stopped by Reto Berra with a rebound.
4:35 of 2nd period - Slapshot by Jason Demers.
4:35 of 2nd period - Goal by Jason Demers - Oilers : 3 - Kings : 0.
4:36 of 2nd period - David Desharnais wins face-off versus Tyler Seguin in neutral zone.
5:03 of 2nd period - Wrist shot by David Desharnais.
5:03 of 2nd period - Deflect By Darren Helm.
5:03 of 2nd period - Shot Misses the Net.
5:03 of 2nd period - Puck is out of play.
5:04 of 2nd period - Nicklas Backstrom wins face-off versus Nick Bjugstad in Kings zone.
5:11 of 2nd period - Snap shot by Nicklas Backstrom.
5:11 of 2nd period - Stopped by Reto Berra without a rebound.
5:12 of 2nd period - Nicklas Backstrom wins face-off versus Nick Bjugstad in Kings zone.
5:13 of 2nd period - Wrist shot by Patrick Marleau.
5:13 of 2nd period - Stopped by Reto Berra without a rebound.
5:14 of 2nd period - Nicklas Backstrom wins face-off versus Nick Bjugstad in Kings zone.
6:07 of 2nd period - Ryan McDonagh is hit by Adam McQuaid and loses puck.
8:21 of 2nd period - Snap shot by Trevor Lewis.
8:21 of 2nd period - Shot Blocked by Seth Jones.
8:27 of 2nd period - Snap shot by Jamie McGinn.
8:27 of 2nd period - Stopped by Reto Berra with a rebound.
8:45 of 2nd period - Braydon Coburn is hit by Nick Bonino and loses puck.
8:50 of 2nd period - Snap shot by Patrick Marleau.
8:50 of 2nd period - Shot Misses the Net.
8:52 of 2nd period - Slapshot by Ryan McDonagh.
8:52 of 2nd period - Stopped by Reto Berra with a rebound.
8:54 of 2nd period - Snap shot by Nicklas Backstrom.
8:54 of 2nd period - Shot Blocked by Evgeny Kuznetsov.
8:56 of 2nd period - Snap shot by Nick Bonino.
8:56 of 2nd period - Stopped by Reto Berra with a rebound.
9:17 of 2nd period - Wrist shot by Milan Lucic.
9:17 of 2nd period - Stopped by Jaroslav Halak with a rebound.
9:19 of 2nd period - Slapshot by Duncan Keith.
9:19 of 2nd period - Stopped by Jaroslav Halak with a rebound.
9:21 of 2nd period - Backhand shot by Nick Bjugstad.
9:21 of 2nd period - Shot Misses the Net.
9:23 of 2nd period - Slapshot by Duncan Keith.
9:23 of 2nd period - Shot Blocked by Patrick Marleau.
9:29 of 2nd period - Minor Penalty to Niklas Hjalmarsson for Roughing.
9:30 of 2nd period - Tyler Seguin wins face-off versus Nick Bonino in Oilers zone.
9:41 of 2nd period - Jason Demers is hit by Tyler Seguin and loses puck.
10:47 of 2nd period - Minor Penalty to Mika Zibanejad for Hooking.
10:48 of 2nd period - Nicklas Backstrom wins face-off versus Tyler Seguin in Kings zone.
11:04 of 2nd period - Andrew Ladd is hit by Braydon Coburn and loses puck.
11:29 of 2nd period - Penalty to Niklas Hjalmarsson is over, Niklas Hjalmarsson is back on ice.
11:54 of 2nd period - Off-side.
11:55 of 2nd period - Jori Lehtera wins face-off versus Nick Bonino in neutral zone.
12:09 of 2nd period - Snap shot by Niklas Hjalmarsson.
12:09 of 2nd period - Deflect By Nick Bonino.
12:09 of 2nd period - Stopped by Reto Berra with a rebound.
12:11 of 2nd period - Slapshot by Patrick Marleau.
12:11 of 2nd period - Stopped by Reto Berra with a rebound.
12:47 of 2nd period - Penalty to Mika Zibanejad is over, Mika Zibanejad is back on ice.
13:03 of 2nd period - Wrist shot by Nick Bonino.
13:03 of 2nd period - Goal by Nick Bonino - Oilers : 4 - Kings : 0.
13:04 of 2nd period - Brett Connolly wins face-off versus Nick Bjugstad in neutral zone.
13:20 of 2nd period - Off-side.
13:21 of 2nd period - Nick Bjugstad wins face-off versus Brett Connolly in neutral zone.
13:24 of 2nd period - Slapshot by Milan Lucic.
13:24 of 2nd period - Shot Misses the Net.
14:08 of 2nd period - Snap shot by Tyler Seguin.
14:08 of 2nd period - Shot Hit the Post.
14:36 of 2nd period - Stefan Elliott is hit by Darren Helm and loses puck.
14:59 of 2nd period - Eric Brewer is hit by Andrew Ladd and loses puck.
15:36 of 2nd period - Duncan Keith is hit by Ryan McDonagh and loses puck.
15:44 of 2nd period - Snap shot by Nick Bonino.
15:44 of 2nd period - Shot Misses the Net.
18:07 of 2nd period - Andrew Ladd is hit by Jori Lehtera.
18:23 of 2nd period - Snap shot by Brayden Schenn.
18:23 of 2nd period - Shot Blocked by Seth Jones.
18:25 of 2nd period - Snap shot by Lars Eller.
18:25 of 2nd period - Shot Misses the Net.
18:27 of 2nd period - Slapshot by Andrew MacDonald.
18:27 of 2nd period - Deflect By Andrew Ladd.
18:27 of 2nd period - Shot Misses the Net.
18:27 of 2nd period - Puck is out of play.
18:28 of 2nd period - Mika Zibanejad wins face-off versus Nicklas Backstrom in Kings zone.
19:31 of 2nd period - Taylor Fedun beats up David Clarkson.
19:31 of 2nd period - Penalty to David Clarkson for Fighting.
19:31 of 2nd period - Penalty to Taylor Fedun for Fighting.
19:32 of 2nd period - Lars Eller wins face-off versus Brenden Morrow in Oilers zone.
19:53 of 2nd period - Snap shot by Brayden Schenn.
19:53 of 2nd period - Stopped by Reto Berra without a rebound.
19:54 of 2nd period - Nicklas Backstrom wins face-off versus Nick Bjugstad in Kings zone.
19:59 of 2nd period - Snap shot by Patrick Marleau.
19:59 of 2nd period - Stopped by Reto Berra with a rebound.
Goals for this period are 2 for Oilers vs 0 for Kings.
Shots for this period are 15 for Oilers vs 5 for Kings.

3rd period


0:01 of 3rd period - Lars Eller wins face-off versus Tyler Seguin in neutral zone.
1:06 of 3rd period - Minor Penalty to Nick Bjugstad for Charging.
1:07 of 3rd period - Jori Lehtera wins face-off versus David Desharnais in Kings zone.
1:46 of 3rd period - Adam McQuaid is hit by Andrew Ladd and loses puck.
2:45 of 3rd period - Andrew Ladd is hit by Adam McQuaid and loses puck.
2:58 of 3rd period - Slapshot by Duncan Keith.
2:58 of 3rd period - Shot Blocked by Jason Demers.
3:00 of 3rd period - Slapshot by Braydon Coburn.
3:00 of 3rd period - Shot Blocked by Darren Helm.
3:02 of 3rd period - Wrist shot by Milan Lucic.
3:02 of 3rd period - Shot Misses the Net.
3:06 of 3rd period - Penalty to Nick Bjugstad is over, Nick Bjugstad is back on ice.
3:40 of 3rd period - Niklas Hjalmarsson is hit by Jordan Schroeder and loses puck.
3:59 of 3rd period - Trevor Lewis is hit by Milan Lucic and loses puck.
4:56 of 3rd period - Minor Penalty to Eric Brewer for Tripping.
4:57 of 3rd period - Jori Lehtera wins face-off versus Nick Bonino in Kings zone.
5:11 of 3rd period - Off-side.
5:12 of 3rd period - David Desharnais wins face-off versus Evgeny Kuznetsov in neutral zone.
5:40 of 3rd period - Braydon Coburn is hit by Nicklas Backstrom and loses puck.
6:33 of 3rd period - Adam McQuaid is hit by Jason Demers and loses puck.
6:54 of 3rd period - Snap shot by Carl Soderberg.
6:54 of 3rd period - Stopped by Jaroslav Halak with a rebound.
6:56 of 3rd period - Penalty to Eric Brewer is over, Eric Brewer is back on ice.
7:15 of 3rd period - Wrist shot by Jamie McGinn.
7:15 of 3rd period - Shot Blocked by Braydon Coburn.
7:17 of 3rd period - Slapshot by Trevor Lewis.
7:17 of 3rd period - Oilers goal is going for a video replay.
7:17 of 3rd period - The goal is good.
7:17 of 3rd period - Goal by Trevor Lewis - Oilers : 5 - Kings : 0.
7:17 of 3rd period - Sergei Bobrovsky enters game.
7:18 of 3rd period - Mikhail Grigorenko wins face-off versus Brett Connolly in neutral zone.
7:25 of 3rd period - Snap shot by Mikhail Grigorenko.
7:25 of 3rd period - Stopped by Jaroslav Halak without a rebound.
7:26 of 3rd period - Mikhail Grigorenko wins face-off versus Brett Connolly in Oilers zone.
7:39 of 3rd period - Snap shot by Jamie McGinn.
7:39 of 3rd period - Shot Misses the Net.
7:43 of 3rd period - Slapshot by Brett Connolly.
7:43 of 3rd period - Deflect By Jamie McGinn.
7:43 of 3rd period - Stopped by Sergei Bobrovsky with a rebound.
7:45 of 3rd period - Snap shot by Jason Demers.
7:45 of 3rd period - Shot Blocked by Stefan Elliott.
7:51 of 3rd period - Backhand shot by Brett Connolly.
7:51 of 3rd period - Stopped by Sergei Bobrovsky without a rebound.
7:52 of 3rd period - Lars Eller wins face-off versus Nick Bjugstad in Kings zone.
8:44 of 3rd period - Ryan McDonagh is hit by Tyler Seguin and loses puck.
9:03 of 3rd period - Nick Bonino is hit by Braydon Coburn and loses puck.
9:34 of 3rd period - Wrist shot by David Desharnais.
9:34 of 3rd period - Stopped by Sergei Bobrovsky without a rebound.
9:35 of 3rd period - Jori Lehtera wins face-off versus Jamie McGinn in Kings zone.
9:35 of 3rd period - Jori Lehtera is hit by Brayden McNabb.
9:51 of 3rd period - Slapshot by Adam McQuaid.
9:51 of 3rd period - Shot Blocked by Trevor Lewis.
9:57 of 3rd period - Jamie McGinn is hit by Brenden Morrow and loses puck.
11:04 of 3rd period - Snap shot by Tyler Seguin.
11:04 of 3rd period - Shot Misses the Net.
11:16 of 3rd period - Lars Eller is hit by David Clarkson and loses puck.
11:34 of 3rd period - Duncan Keith is hit by Lars Eller and loses puck.
13:34 of 3rd period - Braydon Coburn is hit by Taylor Fedun and loses puck.
14:05 of 3rd period - Lars Eller is hit by Tyler Seguin and loses puck.
14:18 of 3rd period - Wrist shot by Andrew Ladd.
14:18 of 3rd period - Stopped by Sergei Bobrovsky with a rebound.
15:26 of 3rd period - Adam McQuaid is hit by Jannik Hansen and loses puck.
15:43 of 3rd period - Snap shot by Brayden Schenn.
15:43 of 3rd period - Shot Misses the Net.
15:49 of 3rd period - Slapshot by Brayden Schenn.
15:49 of 3rd period - Shot Misses the Net.
16:33 of 3rd period - Adam McQuaid is hit by Ryan McDonagh and loses puck.
17:22 of 3rd period - David Desharnais is hit by Brenden Morrow and loses puck.
17:48 of 3rd period - Andrew MacDonald is hit by David Clarkson and loses puck.
18:06 of 3rd period - Ryan McDonagh is hit by Eric Brewer and loses puck.
18:29 of 3rd period - Slapshot by Carl Soderberg.
18:29 of 3rd period - Shot Blocked by Ryan McDonagh.
19:14 of 3rd period - David Desharnais is hit by Mika Zibanejad and loses puck.
19:53 of 3rd period - Snap shot by Andrew Ladd.
19:53 of 3rd period - Shot Blocked by Seth Jones.
Goals for this period are 1 for Oilers vs 0 for Kings.
Shots for this period are 5 for Oilers vs 2 for Kings.